Mecha, lawful female dwarven Valkyrie ---------------- ##+......{.......-## #`|.)h.%.)....<..| #####..[............| # -+--------.---.- #### ` ## # #### ### h : -.------## # # -----h-.------ # #|......|##################_##@ s+.........).).####|......| # -|------ . |............| `.......| #####|......| .. |.....i.......####|......| # #.......| ..| -------------- #|......-## |......| ..| #-------- #.......| .. l B ###############|......| -- -------- Mecha the Fighter Experience level: 8 Strength: 18 Dexterity: 13 Constitution: 16 Intelligence: 7 Wisdom: 9 Charisma: 10 Health: 72(80) Energy: 4(4) Def: 5 Gold: 874 Moves: 8295 Dungeon seed: 5nQk7i1PDxvoT0gf Game ID: Mecha_1477246325 Your Inventory: Coins $ - 874 gold pieces Weapons a - the blessed rustproof +3 Excalibur (weapon in hand) b - a +0 dagger L - a +1 long sword Armor e - an uncursed +3 small shield (being worn) z - an uncursed +0 elven leather helm (being worn) Y - a blessed +1 elven cloak Comestibles c - 2 uncursed food rations f - 3 uncursed slime molds v - an uncursed tin of jackal meat Z - an uncursed carrot Scrolls i - an uncursed scroll of light y - 4 uncursed scrolls of identify M - a cursed scroll of identify Potions g - an uncursed potion of object detection G - a cursed potion of hallucination I - an uncursed potion of monster detection Q - an uncursed potion of healing R - a blessed potion of levitation W - an uncursed potion of sleeping Rings d - an uncursed ring of regeneration V - a cursed ring of teleportation Wands m - a wand of death (0:4) K - a wand of speed monster (0:5) O - a wand of teleportation (0:6) U - a wand of create monster (0:13) X - a wand of digging (0:8) Tools h - a magic marker (0:50) p - an uncursed towel (being worn) q - an uncursed skeleton key r - an uncursed brass lantern (0:1005) S - an uncursed mirror Spells and supernatural/magical abilities: Name Level Category Fail Memory U - detect unseen 3* divination 100% 0% W - pray for help -- divine ? -- Your skills at the end: Fighting Skills Weapon Skills dagger [Basic] long sword [Expert] Spellcasting Skills Final Attributes: You were piously aligned. You were cold resistant. You were sleep resistant. You were level-drain resistant. You were telepathic. You had automatic searching. You had infravision. You were stealthy. You aggravated monsters. You were a wererat. You were fast. You are dead. Vanquished creatures: a small mimic a chameleon a cockatrice a wolf a panther a giant spider a black light 4 Green-elves a lizard a dingo a blue jelly a dust vortex 4 apes a water nymph 4 Mordor orcs 8 Uruk-hai 3 rock piercers a rock mole a fog cloud 2 shriekers a kobold mummy 3 gray oozes a ghoul a straw golem 14 giant ants 2 little dogs 4 floating eyes 3 kittens 2 homunculi 2 kobold lords a kobold shaman 4 hill orcs a rothe a rabid rat a centipede a monkey 2 dwarf zombies a wererat 2 werejackals 4 iguanas 2 killer bees 2 acid blobs 4 coyotes 2 hobbits a large kobold a hobgoblin 7 giant rats 4 cave spiders a brown mold 5 yellow molds a green mold a red mold 3 gnomes 7 garter snakes 2 gnome zombies 3 geckos 7 jackals 3 foxes 2 kobolds a goblin a sewer rat 12 grid bugs 5 bats a lichen a kobold zombie 8 newts 177 creatures vanquished. Voluntary challenges: You used a wielded weapon 193 times, starting on turn 39. You read items or engraved 15 times, starting on turn 728. You never genocided any monsters. You never polymorphed an object. You never changed form. You used no wishes. You never split a pudding. You never wrote Elbereth's name. You violated your moral code, losing 21 points of alignment, starting on turn 923. Dungeon overview: The Dungeons of Doom: levels 1 to 8 Level 1 an altar to Loki, a fountain a long staircase Level 2 an altar to Odin stairs to The Gnomish Mines Level 3 a general store Level 4 Level 5 a fountain Level 6 a fountain, a sink Level 7 a fountain Level 8 <- You were here a fountain The Gnomish Mines: levels 3 to 5 Level 3 stairs to The Dungeons of Doom Level 4 Level 5 many shops, a temple to Loki, some fountains History has recorded: On T:1 you entered the Dungeons of Doom to retrieve the Amulet of Yendor! On T:491 you reached level 2 of The Dungeons of Doom. On T:492 you advanced to experience level 2. On T:631 you reached level 1 of The Gnomish Mines. On T:944 you reached level 2 of The Gnomish Mines. On T:1035 you advanced to experience level 3. On T:1527 you reached level 3 of The Gnomish Mines. On T:1623 you advanced to experience level 4. On T:2450 you advanced to experience level 5. On T:2626 you reached level 3 of The Dungeons of Doom. On T:3398 you reached level 4 of The Dungeons of Doom. On T:4017 you advanced to experience level 6. On T:4970 you reached level 5 of The Dungeons of Doom. On T:5965 you reached level 6 of The Dungeons of Doom. On T:6275 you reached level 7 of The Dungeons of Doom. On T:6775 you advanced to experience level 7. On T:7888 you advanced to experience level 8. On T:7946 you reached level 8 of The Dungeons of Doom. Score breakdown: Gold: 874 (10007 points) Experience: 8 levels (14739 points) Exploration: 8 levels ( 16.67%) (11577 points) Discoveries: 18 items ( 7.32%) ( 8115 points) Valuables value: (no points given unless you survive) Artifact value: 4000 (12253 points) Variety of kills: 66 monsters ( 17.32%) (12486 points) Turncount: 8295 turns (-2102 points) Survival: died (score multiplied by 80%) Total score: 53660 Latest messages: You drop 9 darts. i - a scroll of light. You see here a heavy iron ball (chained to you). You hear the splashing of a naiad. You see here 9 darts. You see here 7 darts. You hear crashing rock. (2x) You try to move the boulder, but in vain. (2x) You see here a heavy iron ball (chained to you). You kill the iguana! Pick an object. Never mind. You are now wearing a towel around your head. You can't see any more. You kill the cockatrice! You try to feel what is lying here on the ground. You feel here a cockatrice corpse. Touching the cockatrice corpse is a fatal mistake... You turn to stone... Final status: Farvel Mecha the Valkyrie, petrified by feeling around for a cockatrice corpse... You turned to stone in The Dungeons of Doom on dungeon level 8 with 53660 points, and 874 pieces of gold, after 8295 moves. You were level 8 with a maximum of 80 hit points when you turned to stone.